Map: Abiogenesis LE

Players

RODACKS

  • Race: Protoss Protoss
  • League: Platinum
  • Spawn Location: 11:00

Infamous - Winner!

  • Race: Protoss Protoss
  • League: Silver
  • Spawn Location: 5:00

VOD

Have the link to the VOD?

Description

Time

  • Played on: April 10, 2018, 2:05 p.m.
  • Length: 7:39
Show
View Real Time Build Order
Export as new Build Order

RODACKS Protoss 

Build Orders: Oracle Opening, Carrier Rush 

Get SALT Encoding   

  12  0:03  Probe  
  13  0:15  Probe  
  13  0:20  Pylon  
  15  0:28  Probe  
  15  0:31  Assimilator  
  15  0:40  Probe  
  16  0:52  Probe, Gateway  
  17  1:01  Assimilator  
  17  1:05  Probe  
  18  1:17  Probe  
  19  1:29  Probe  
  20  1:41  Cybernetics Core  
  20  2:06  Pylon  
  20  2:11  Probe  
  20  2:12  Nexus  
  21  2:23  Probe  
  21  2:28  Protoss Air Weapons Level 1  
  22  2:34  Stargate  
  22  2:38  Probe  
  23  3:03  Probe  
  24  3:12  Gateway  
  24  3:17  Oracle (Chrono Boost)  
  27  3:20  Probe  
  27  3:26  Probe  
  29  3:33  Probe  
  30  3:38  Probe  
  31  3:44  Oracle (Chrono Boost)  
  34  3:50  Probe  
  34  3:51  Assimilator  
  35  3:59  Fleet Beacon  
  35  4:12  Probe  
  35  4:13  Pylon  
  35  4:15  Probe  
  37  4:39  Carrier (Chrono Boost)  
  43  4:45  Probe  
  44  4:57  Assimilator  
  44  5:03  Stalker x2 (Chrono Boost)  
  48  5:07  Probe  
  48  5:11  Probe  
  50  5:19  Probe  
  51  5:21  Shield Battery  
  51  5:35  Zealot  
  53  5:38  Graviton Catapult  
  53  5:39  Zealot  
  54  5:59  Pylon  
  54  6:00  Pylon  
  54  6:15  Carrier (Chrono Boost)  
  54  6:19  Probe  
  61  6:27  Pylon  
  61  6:28  Pylon  
  61  6:45  Zealot x2  
  65  7:00  Probe  
Show
View Real Time Build Order
Export as new Build Order

Infamous Protoss - Winner!

Build Orders:  

Get SALT Encoding   

  12  0:01  Probe  
  13  0:15  Pylon  
  13  0:18  Probe (Chrono Boost)  
  15  0:30  Probe (Chrono Boost)  
  15  0:35  Gateway  
  15  0:36  Probe  
  16  0:48  Probe  
  17  0:51  Assimilator  
  17  1:02  Probe  
  18  1:15  Probe  
  18  1:16  Gateway  
  18  1:18  Assimilator  
  19  1:23  Cybernetics Core  
  19  1:29  Probe  
  20  1:41  Probe  
  21  1:47  Pylon  
  21  1:53  Probe  
  22  2:00  Pylon, Warp Gate  
  24  2:10  Probe  
  24  2:13  Stalker (Chrono Boost)  
  25  2:18  Stalker (Chrono Boost)  
  27  2:34  Stargate  
  27  2:43  Pylon  
  29  2:52  Sentry (Chrono Boost)  
  29  2:53  Probe  
  30  3:05  Probe  
  30  3:06  Sentry (Chrono Boost)  
  33  3:18  Pylon  
  33  3:25  Nexus  
  33  3:44  Zealot x2  
  37  3:51  Void Ray  
  37  3:55  Probe  
  42  4:10  Probe, Robotics Facility  
  39  4:46  Void Ray  
  39  4:51  Probe (Chrono Boost)  
  45  4:57  Probe (Chrono Boost)  
  45  5:01  Observer  
  45  5:02  Probe (Chrono Boost)  
  47  5:10  Pylon, Forge  
  47  5:18  Probe (Chrono Boost)  
  49  5:24  Probe (Chrono Boost)  
  49  5:45  Stalker x2  
  49  5:46  Void Ray  
  57  5:51  Probe (Chrono Boost)  
  57  5:55  Immortal (Chrono Boost)  
  57  5:56  Probe (Chrono Boost)  
  63  6:09  Photon Cannon  
  63  6:11  Shield Battery  
  63  6:17  Stalker  
  65  6:26  Probe  
  65  6:27  Probe  
  65  6:30  Pylon  
  67  6:38  Stalker  
  67  7:00  Shield Battery  
  67  7:03  Photon Cannon  
  67  7:06  Photon Cannon  
  67  7:13  Stalker x2  
Tags
 
Add a new tag
Caveats
  • Supply blocks, unpowered buildings, or Contaminate may cause inaccurate times.
  • Supply counts are checked every 10 seconds.